 Dungeon Crawl Stone Soup version 0.25-a0-109-ge9c0e85935 (webtiles) character file.

Game seed: 11531367650998691952, levelgen mode: deterministic

64 roguesci the Covered (level 4, -2/28 HPs)
             Began as a Gargoyle Fighter on Nov 18, 2019.
             Slain by an ice beast (8 damage)
             ... on level 2 of the Dungeon.
             The game lasted 00:02:40 (1432 turns).

roguesci the Covered (Gargoyle Fighter)             Turns: 1432, Time: 00:02:40

Health: -2/28      AC: 15    Str: 20    XL:     4   Next: 12%
Magic:  4/4        EV:  3    Int:  9    God:
Gold:   178        SH:  9    Dex:  9    Spells: 3/3 levels left

rFire    . . .     SeeInvis .   a - +0 flail
rCold    . . .     Gourm    .   c - +0 shield
rNeg     + . .     Faith    .   p - +0 plate armour
rPois    ∞         Spirit   .   (no helmet)
rElec    +         Reflect  .   (no cloak)
rCorr    .         Harm     .   (no gloves)
MR       .....                  (no boots)
Stlth    ..........             (no amulet)
HPRegen  0.09/turn              (no ring)
MPRegen  0.09/turn              (no ring)

@: no status effects
A: negative energy resistance 1, electricity resistance, unbreathing,
petrification resistance, rot immunity, AC +3
a: no special abilities


You were on level 2 of the Dungeon.
You were not hungry.

You visited 1 branch of the dungeon, and saw 2 of its levels.

You collected 178 gold pieces.

Inventory:

Hand Weapons
 a - a +0 flail (weapon)
Missiles
 j - 37 stones (quivered)
Armour
 c - a +0 shield (worn)
 p - a +0 plate armour (worn)
Scrolls
 b - a scroll of remove curse {unknown}
 e - 3 scrolls of identify {unknown}
 g - a scroll of immolation {unknown}
 h - 2 scrolls of random uselessness {unknown}
 i - a scroll of amnesia {unknown}
 k - a scroll of fog {unknown}
 o - a scroll of magic mapping {unknown}
 r - a scroll of enchant armour {unknown}
Potions
 d - a potion of might
 l - a potion of cancellation {unknown}
 m - a potion of degeneration {unknown}
 n - a potion of heal wounds {unknown}
 q - a potion of invisibility {unknown}
Comestibles
 f - 3 rations


   Skills:
 - Level 3.2 Fighting
 * Level 3.7 Maces & Flails
 + Level 4.0 Armour
 - Level 3.2 Shields


You had 3 spell levels left.
You didn't know any spells.
Your spell library was empty.

Dungeon Overview and Level Annotations

Branches:
Dungeon (2/15)

Altars:


Innate Abilities, Weirdness & Mutations

You are resistant to torment.
Your stone body is resilient. (AC +3)
You are immune to poison.
You resist negative energy. (rN+)
You are resistant to electric shocks. (rElec)
You can survive without breathing.
You are immune to petrification.
You are immune to rotting.


Message History

You are too injured to fight recklessly!
You are too injured to fight recklessly!
You are too injured to fight recklessly!
You are too injured to fight recklessly!
You are too injured to fight recklessly!
You are too injured to fight recklessly!
You are too injured to fight recklessly!
You are too injured to fight recklessly!
You are too injured to fight recklessly!
You are too injured to fight recklessly!
You are too injured to fight recklessly!
You hit the ice beast but do no damage.
The ice beast is severely wounded.
The ice beast hits you but does no damage. x2
You hit the ice beast but do no damage.
The ice beast is severely wounded.
The ice beast hits you.
* * * LOW HITPOINT WARNING * * *
The ice beast freezes you!
You die...

#.# ####### ##.##
#.....# ... #.....#
#.# #.....########.###
#.....#..........#
#..s..#.###..#.#.#
##Y###.##.....#.#
#..@..†.#...###.#
#..###..#...###.#
#..###..†.......# ##
#.........####### .#
#.#..##.### .# #
#.......# .#####
#.##.##..#############
.÷...# .........#
#.......# ## .###.#
######.## #.#####.# #.


You could see an ice beast and a giant cockroach.

Vanquished Creatures
  2 adders (D:2)
  An ooze (D:2)
  A worm (D:2)
  2 dart slugs (D:1)
  4 bats (D:2)
  A giant cockroach (D:1)
  6 goblins
  4 hobgoblins
  2 jackals (D:1)
  3 kobolds
  A ball python (D:2)
  5 frilled lizards
  3 rats (D:1)
35 creatures vanquished.

Notes
Turn   | Place    | Note
-------+----------+-------------------------------------------
     0 | D:1      | roguesci the Gargoyle Fighter began the quest for the Orb.
     0 | D:1      | Reached XP level 1. HP: 14/14 MP: 1/1
   326 | D:1      | Reached XP level 2. HP: 17/19 MP: 2/2
   677 | D:1      | Reached XP level 3. HP: 22/23 MP: 3/3
  1359 | D:2      | Reached skill level 4 in Armour
  1359 | D:2      | Reached XP level 4. HP: 26/28 MP: 4/4
  1417 | D:2      | Noticed an ice beast
  1432 | D:2      | Slain by an ice beast

Levels and vault maps discovered:
D:1:      ebering_hopf_link, layout_basic, minmay_misc_feat_x
D:2:      layout_loops_cross, grunt_ministairs_8

Skill      XL: |  1  2  3 |
---------------+----------+-----
Maces & Flails | 3 |  3.7
Armour         | 4 |  4.0
Fighting       | |  3.2
Shields        | |  3.2

Action                   |  1- 3 |  4- 6 || total
-------------------------+-------+-------++-------
Melee: Flail             |   146 |    26 ||   172
  Eat: Chunk             |     2 |       ||     2
Armor: Scale mail        |    70 |       ||    70
       Plate armour      |    10 |    30 ||    40
Dodge: Dodged            |    39 |     3 ||    42
Block: Shield            |    66 |    21 ||    87

Table legend:
 A = Non-vault XP
 B = Vault XP
 C = Vault XP percentage of total XP
 D = Non-vault monster count
 E = Vault monster count
 F = Vault count percentage of total count
                 A         B        C        D         E       F
            +---------+---------+-------+---------+---------+-------
      Total |      89 |       3 |   3.3 |      33 |       2 |   5.7
            +---------+---------+-------+---------+---------+-------
        D:1 |      34 |       0 |   0.0 |      18 |       0 |   0.0
        D:2 |      55 |       3 |   5.2 |      15 |       2 |  11.8
            +---------+---------+-------+---------+---------+-------
